Map: Романтицид РВ

Players

Aube

  • Race: Terran Terran

Zilord

  • Race: Terran Terran
  • League: Diamond

Waylander

  • Race: Zerg Zerg
  • Spawn Location: 5:00

Kantara

  • Race: Zerg Zerg
  • League: Diamond
  • Spawn Location: 11:00

VOD

Have the link to the VOD?

Description

Time

  • Played on: Oct. 21, 2020, 6:15 p.m.
  • Length: 18:11
Show
View Real Time Build Order
Export as new Build Order

Aube Terran 

Build Orders:  

Get SALT Encoding   

Show
View Real Time Build Order
Export as new Build Order

Zilord Terran 

Build Orders:  

Get SALT Encoding   

Show
View Real Time Build Order
Export as new Build Order

Waylander Zerg 

Build Orders:  

Get SALT Encoding   

  12  0:00  SCV  
  13  0:12  SCV  
  14  0:18  Supply Depot  
  14  0:24  SCV  
  15  0:41  Barracks  
  15  0:43  SCV  
  15  0:46  Refinery  
  16  0:55  SCV  
  17  1:07  SCV  
  18  1:19  SCV  
  19  1:29  Reaper  
  19  1:31  Orbital Command  
  20  1:41  Command Center  
  20  1:52  Supply Depot  
  20  1:55  Refinery  
  20  1:57  SCV  
  21  2:08  Factory  
  21  2:11  Marine  
  21  2:14  SCV  
  23  2:26  SCV  
  24  2:30  Barracks Reactor  
  24  2:38  SCV  
  25  2:50  SCV  
  26  2:53  Orbital Command  
  26  2:56  Starport  
  26  3:04  SCV  
  27  3:16  Hellion x2  
  27  3:17  Barracks Tech Lab  
  27  3:18  SCV  
  27  3:19  SCV  
  33  3:27  Bunker  
  33  3:33  Medivac  
  35  3:37  Hellion x2  
  39  3:42  Supply Depot  
  39  3:43  SCV x2  
  39  3:44  Supply Depot  
  39  3:45  Stimpack  
  41  3:55  SCV x2  
  43  4:18  Medivac  
  43  4:19  Medivac  
  43  4:20  Marauder  
  43  4:21  SCV x2  
  51  4:31  Barracks x3  
  51  4:33  Engineering Bay  
  51  4:34  Engineering Bay  
  51  4:51  SCV x2  
  53  4:55  Refinery x2  
  53  5:02  Supply Depot  
  53  5:03  SCV x2  
  53  5:05  Supply Depot  
  55  5:13  Factory Reactor  
  55  5:16  Marine  
  55  5:19  Barracks Reactor x2  
  55  5:20  Barracks Tech Lab  
  56  5:23  SCV x2  
  56  5:24  Combat Shield  
  58  5:32  Terran Infantry Armor Level 1, Terran Infantry Weapons Level 1  
  58  5:35  SCV x2  
  60  5:42  Missile Turret  
  60  5:46  Missile Turret  
  60  5:48  Marauder x2  
  64  5:50  Widow Mine x2  
  64  5:54  Medivac  
  64  5:56  Marine x4  
  74  5:58  Medivac  
  74  6:01  SCV x2  
  78  6:08  Supply Depot  
  78  6:10  Supply Depot  
  78  6:15  Marine x2  
  78  6:16  SCV x2  
  82  6:22  Widow Mine x2  
  86  6:29  Marine x3  
  86  6:30  Marine  
  90  6:33  Marine  
  91  6:42  Command Center  
  91  6:46  Armory  
  90  6:55  Marine x4  
  90  6:56  Command Center, Marine x2  
  90  6:59  SCV x2  
  98  7:07  Widow Mine x2  
  102  7:33  Terran Infantry Weapons Level 2, Terran Infantry Armor Level 2  
  102  8:05  Refinery  
  102  8:08  Widow Mine x2, Medivac x2, Marauder, Marine x4  
  102  8:10  Command Center  
  116  8:13  Ghost Academy  
  116  8:20  Sensor Tower  
  116  8:26  Marine  
  117  8:30  Supply Depot  
  117  8:32  Supply Depot  
  117  8:34  Supply Depot x2  
  117  8:35  Supply Depot  
  117  8:36  Marine x3  
  117  8:37  Marauder  
  117  8:38  Orbital Command  
  122  8:42  Refinery, SCV x2  
  122  8:46  Viking  
  120  9:09  Marine x4  
  119  9:10  Marine  
  119  9:11  Marine  
  119  9:13  Hellbat x2  
  119  9:15  Sensor Tower  
  126  9:20  SCV  
  127  9:30  Barracks x3  
  127  9:31  Barracks  
  127  9:32  SCV x3  
  130  9:51  Terran Infantry Weapons Level 3  
  130  9:52  Terran Infantry Armor Level 3  
  130  10:08  Marine  
  130  10:09  Marine x3  
  130  10:10  Marauder x2  
  130  10:11  Liberator, Hellbat x2  
  130  10:12  Liberator  
  135  10:46  Marine x3  
  135  10:47  Barracks Reactor x2  
  135  10:48  Barracks Reactor, Barracks Tech Lab  
  135  10:49  SCV x2  
  140  10:50  SCV  
  141  10:58  Planetary Fortress  
  141  11:01  SCV  
  141  11:02  SCV x2  
  117  11:12  Marauder  
  117  11:13  Marauder x2, Marine x3  
  117  11:14  Liberator, Marine, SCV x2  
  117  11:15  Liberator  
  117  11:16  Hellbat x2  
  117  11:17  Concussive Shells  
  139  11:21  Refinery  
  139  11:24  Refinery  
  137  11:39  SCV x2  
  140  11:40  SCV x2  
  140  11:41  Marine x4  
  140  11:42  Marine x5  
  140  11:43  Marine  
  140  11:44  Marauder x3  
  156  11:51  SCV x2  
  156  11:52  SCV x2  
  144  12:06  Marine x5  
  144  12:07  Ghost x2, Marine x5  
  144  12:08  Ghost  
  138  12:19  SCV x3  
  137  12:26  Liberator  
  137  12:27  Marine  
  141  12:31  SCV x3  
  144  12:43  SCV x3  
  139  12:58  Marine x4  
  130  12:59  Barracks x2, Marine x5  
  130  13:00  Marauder, Marine  
  130  13:01  Barracks, Marauder x2  
  145  13:16  Liberator x2  
  145  13:17  Marine x3  
  145  13:18  Marine x6  
  145  13:19  Marine  
  161  13:21  Ghost  
  163  13:45  Marine x7  
  163  13:46  Marine x3  
  163  13:47  Barracks Tech Lab x2  
  173  13:48  Barracks  
  173  13:49  Marauder x2  
  173  13:50  Barracks Tech Lab  
  177  13:59  Medivac x2  
  177  14:02  Starport  
  181  14:03  Starport  
  137  14:38  Marauder  
  137  14:39  Marauder x5  
  137  14:40  Marine x6  
  137  14:41  Marine x2  
  137  14:42  Starport Reactor x2  
  107  15:00  Marauder x5, Marine x3  
  107  15:01  Marauder, Marine x7  
  112  15:11  Orbital Command  
  96  15:19  Marine x6  
  99  15:21  Marauder  
  99  15:22  Marauder x4  
  93  15:41  Marine  
  93  15:42  Marine x7  
  98  15:43  Marauder  
  98  15:49  SCV  
  104  15:50  SCV x3  
  105  16:01  SCV  
  105  16:02  SCV x3  
  107  16:07  Medivac  
  107  16:08  Medivac, Starport Reactor  
  111  16:16  Marine  
  111  16:17  Marine x7  
  111  16:18  Marine x2  
  121  16:28  Marauder x5  
  131  16:34  Barracks Tech Lab  
  131  16:40  Marine x5  
  131  16:41  Marine x5  
  141  16:50  Supply Depot  
  141  17:04  Marine x7  
  141  17:05  Marine x3  
  117  17:19  Marine x4  
  86  17:25  Orbital Command  
  77  17:34  Marauder x2, Marine x5  
  77  17:35  Marine x5  
  79  17:37  Marauder x2  
Show
View Real Time Build Order
Export as new Build Order

Kantara Zerg 

Build Orders: Hatch First 

Get SALT Encoding   

  12  0:00  Drone  
  13  0:12  Overlord  
  13  0:17  Drone  
  14  0:30  Drone  
  14  0:31  Drone  
  16  0:54  Hatchery, Drone  
  16  0:57  Drone  
  16  1:00  Drone  
  18  1:08  Extractor  
  17  1:15  Spawning Pool  
  17  1:17  Drone  
  17  1:23  Drone  
  18  1:29  Drone  
  19  1:42  Drone  
  20  1:50  Overlord  
  20  2:06  Zergling x4  
  20  2:07  Queen x2  
  26  2:15  Metabolic Boost  
  26  2:24  Hatchery  
  26  2:29  Drone x2  
  26  2:51  Drone x3  
  29  3:00  Drone  
  29  3:01  Overlord  
  29  3:04  Queen  
  32  3:14  Drone x2  
  32  3:15  Drone  
  35  3:26  Drone x3, Overlord  
  38  3:31  Drone x2  
  40  3:44  Queen  
  40  3:48  Queen  
  42  3:49  Drone  
  42  3:50  Overlord  
  42  3:51  Drone x5  
  50  3:56  Zergling x4  
  50  4:01  Zergling x6  
  55  4:15  Zergling x8  
  59  4:18  Zergling x2  
  59  4:19  Overlord  
  60  4:30  Drone x4  
  60  4:31  Drone, Overlord  
  62  5:05  Drone  
  62  5:06  Drone x12, Overlord  
  62  5:07  Overlord  
  73  5:16  Drone  
  73  5:17  Hatchery  
  73  5:19  Lair  
  73  5:20  Extractor x2  
  71  5:21  Extractor  
  71  5:26  Evolution Chamber  
  71  5:28  Evolution Chamber  
  68  5:29  Baneling Nest  
  68  5:30  Drone, Spore Crawler  
  68  5:31  Drone x7  
  74  5:38  Queen  
  76  5:58  Drone  
  76  5:59  Drone  
  78  6:05  Zerg Ground Armor Level 1  
  78  6:06  Drone x3  
  78  6:07  Drone x2, Overlord x2  
  78  6:10  Drone  
  84  6:12  Hatchery  
  84  6:14  Extractor, Queen  
  84  6:15  Extractor  
  83  6:19  Zerg Melee Weapons Level 1  
  83  6:39  Drone x11  
  94  6:48  Zergling x2  
  94  6:49  Zergling x8  
  94  6:51  Baneling x3  
  94  6:52  Baneling  
  99  6:56  Centrifical Hooks  
  99  7:01  Queen  
  99  7:02  Infestation Pit  
  99  7:07  Spire  
  99  7:13  Drone x6  
  99  7:15  Extractor, Zergling x2  
  105  7:16  Zergling x14  
  105  7:17  Extractor, Overlord  
  105  7:18  Overseer  
  109  7:26  Hatchery  
  109  7:29  Drone x6  
  110  7:31  Spine Crawler  
  110  7:33  Spine Crawler  
  110  7:34  Drone x3  
  110  7:35  Spine Crawler  
  110  7:36  Queen  
  112  7:39  Hive  
  112  7:43  Drone x3  
  115  7:44  Drone  
  115  7:45  Drone x9  
  125  7:51  Overlord x2  
  125  7:52  Overlord  
  125  8:00  Zergling x2  
  125  8:01  Overlord x3  
  125  8:04  Zerg Ground Armor Level 2  
  126  8:09  Drone x2  
  126  8:10  Drone x4  
  126  8:11  Drone  
  133  8:29  Zerg Melee Weapons Level 2  
  133  8:33  Baneling  
  133  8:34  Baneling x15  
  133  8:35  Hatchery, Zergling x10  
  133  8:36  Zergling x16  
  133  8:40  Drone x2  
  133  8:41  Drone x4  
  151  8:42  Overlord  
  146  8:55  Drone  
  146  8:56  Drone  
  148  9:06  Drone x3  
  148  9:09  Pathogen Glands, Extractor  
  150  9:10  Ultralisk Cavern  
  150  9:11  Adrenal Glands  
  150  9:13  Corruptor x3  
  155  9:22  Drone x4  
  155  9:23  Drone x2  
  155  9:24  Overlord x3  
  161  9:36  Overlord  
  161  9:37  Overlord x2  
  161  9:50  Overseer  
  161  9:52  Hatchery  
  160  9:58  Chitinous Plating  
  160  10:01  Zerg Flyer Weapons Level 1  
  160  10:02  Ultralisk x2  
  160  10:05  Queen  
  160  10:06  Neural Parasite  
  174  10:09  Hatchery  
  174  10:13  Infestor x2  
  177  10:23  Overlord x2  
  177  10:31  Baneling  
  177  10:32  Baneling x4  
  152  10:44  Zergling x2  
  152  10:45  Zergling x18  
  152  10:47  Infestor  
  152  10:48  Infestor x3  
  170  10:57  Drone x2, Overlord x2  
  162  11:07  Infestor x2  
  162  11:08  Infestor  
  162  11:09  Infestor  
  163  11:12  Zergling x2  
  163  11:13  Zergling x2  
  163  11:14  Zergling x48  
  163  11:15  Zergling x20  
  163  11:17  Anabolic Synthesis  
  198  11:29  Drone x3  
  198  11:30  Overlord x2  
  198  11:31  Overlord  
  200  11:33  Zerg Melee Weapons Level 3, Zerg Ground Armor Level 3  
  169  12:13  Zergling x2  
  169  12:14  Zergling x42  
  169  12:15  Zergling x6  
  169  12:22  Ultralisk x6  
  190  12:24  Corruptor  
  190  12:25  Corruptor  
  188  12:33  Zerg Flyer Weapons Level 2  
  182  12:57  Zergling x2  
  182  12:58  Zergling x42  
  184  13:00  Infestor x2  
  184  13:01  Infestor x3  
  195  13:06  Zergling x2  
  195  13:07  Zergling x8  
  195  13:08  Overlord x3  
  200  13:16  Pneumatized Carapace  
  200  13:22  Extractor x2  
  195  13:49  Spore Crawler  
  195  13:52  Spore Crawler x2  
  195  13:55  Spore Crawler x2  
  189  13:57  Spore Crawler  
  189  13:58  Spore Crawler  
  189  13:59  Spore Crawler  
  184  14:04  Spore Crawler  
  182  14:16  Drone x2  
  182  14:17  Drone x2  
  134  15:00  Zergling x10  
  134  15:01  Zergling x30  
  146  15:18  Zergling x32  
  146  15:19  Zergling x6  
  146  15:21  Ultralisk x4  
  183  15:22  Infestor x3  
  183  15:23  Corruptor x4  
  185  15:43  Lair  
  179  15:59  Zerg Missile Weapons Level 1  
  173  16:04  Hydralisk Den  
  173  16:07  Nydus Network  
  173  16:09  Baneling  
  173  16:10  Baneling x21  
  171  16:27  Drone x3  
  171  16:28  Drone x4  
  171  16:29  Drone x3  
  171  16:30  Drone x3  
  171  16:31  Drone x3  
  171  16:32  Drone x2, Overlord x2  
  189  16:35  Hatchery  
  188  16:58  Grooved Spines  
  188  17:06  Lurker Den  
  137  17:49  Zergling x4  
  137  17:50  Zergling x24  
  155  17:53  Nydus Canal  
  154  18:09  Extractor  
Tags
 
Add a new tag
Caveats
  • Supply blocks, unpowered buildings, or Contaminate may cause inaccurate times.
  • Supply counts are checked every 10 seconds.